 Dungeon Crawl Stone Soup version 0.25-a0-185-g6cfeca75b2 (webtiles) character file.

Game seed: 12158063600393717775, levelgen mode: deterministic

48 Leeroy the Conjurer (level 3, -1/26 HPs)
             Began as a Draconian Conjurer on Nov 27, 2019.
             Slain by an adder (3 damage)
             ... on level 2 of the Dungeon.
             The game lasted 00:02:13 (2248 turns).

Leeroy the Conjurer (Draconian Conjurer)            Turns: 2248, Time: 00:02:13

Health: -1/26      AC:  5    Str: 10    XL:     3   Next: 50%
Magic:  6/6        EV: 12    Int: 16    God:
Gold:   49         SH:  0    Dex: 11    Spells: 3/6 levels left

rFire    . . .     SeeInvis .   a - +0 dagger
rCold    . . .     Gourm    .   (no shield)
rNeg     . . .     Faith    .   (armour unavailable)
rPois    .         Spirit   .   (helmet restricted)
rElec    .         Reflect  .   (no cloak)
rCorr    .         Harm     .   (no gloves)
MR       .....                  (no boots)
Stlth    ++........             (no amulet)
HPRegen  0.08/turn              (no ring)
MPRegen  0.10/turn              (no ring)

@: no status effects
A: unfitting armour, cold-blooded, AC +5
a: no special abilities


You were on level 2 of the Dungeon.
You were hungry.

You visited 1 branch of the dungeon, and saw 2 of its levels.

You collected 49 gold pieces.

Inventory:

Hand Weapons
 a - a +0 dagger (weapon)
Missiles
 h - 8 boomerangs (quivered)
Scrolls
 c - a scroll of magic mapping {unknown}
 e - a scroll of remove curse {unknown}
 f - a scroll of blinking
 j - 2 scrolls of enchant weapon {unknown}
Potions
 d - a potion of lignification {unknown}
 i - a potion of heal wounds {unknown}
Comestibles
 b - 2 rations
 g - a chunk of flesh


   Skills:
 - Level 1.7 Dodging
 - Level 1.7 Stealth
 - Level 2.0 Spellcasting
 + Level 5.3 Conjurations


You had 3 spell levels left.
You knew the following spells:

 Your Spells              Type           Power        Failure   Level  Hunger
a - Magic Dart            Conj           ###.         2%          1    #......
b - Searing Ray           Conj           ###...       3%          2    ###....

Your spell library contained the following spells:

 Spells                   Type           Power        Failure   Level  Hunger
 Dazzling Spray           Conj/Hex       ##....       22%         3    ###....
 Iskenderun's Mystic Bla  Conj           ###.....     24%         4    #####..
 Force Lance              Conj/Tloc      ##......     56%         4    #####..
 Fulminant Prism          Conj/Hex       ##........   56%         4    #####..


Dungeon Overview and Level Annotations

Branches:
Dungeon (2/15)

Altars:

Annotations:
D:2 Sigmund


Innate Abilities, Weirdness & Mutations

Your plain brown scales are hard. (AC +5)
You cannot fit into any form of body armour.
You are cold-blooded and may be slowed by cold attacks.


Message History

You feel sick. The adder closely misses you.
You feel sick.
You feel sick. The adder misses you.
You feel sick.
Your magical contamination has completely faded away.
The adder misses you.
You feel sick. The adder closely misses you. The adder bites you.
* * * LOW HITPOINT WARNING * * *
You feel sick. The adder bites you but does no damage.
You are feeling hungry.
You feel sick. The adder bites you but does no damage.
You feel sick.
You are no longer poisoned.
The adder barely misses you. The adder bites you.
You die...

#.#
#.........
#.#
#..@#.#.##
#.# #...##..
#.#
#...#.###
#.#####..#.#
#..........#
#######..###
######..S#
#..)....@#
#.####...#
###.# #.#
#.# #.#
#.######
#......#
#.####.#


You could see Sigmund and an adder.

Vanquished Creatures
  An adder (D:2)
  3 dart slugs (D:1)
  3 leopard geckos
  2 bats (D:1)
  3 giant cockroaches (D:2)
  5 goblins
  2 hobgoblins
  3 jackals (D:2)
  3 frilled lizards
  2 kobolds (D:1)
  A rat (D:1)
28 creatures vanquished.

Notes
Turn   | Place    | Note
-------+----------+-------------------------------------------
     0 | D:1      | Leeroy the Draconian Conjurer began the quest for the Orb.
     0 | D:1      | Reached XP level 1. HP: 14/14 MP: 3/3
   497 | D:1      | Reached XP level 2. HP: 15/20 MP: 5/5
  1829 | D:2      | Reached skill level 5 in Conjurations
  1869 | D:2      | Reached XP level 3. HP: 25/26 MP: 6/6
  2030 | D:2      | Learned a level 2 spell: Searing Ray
  2166 | D:2      | Noticed Sigmund
  2248 | D:2      | Slain by an adder

Levels and vault maps discovered:
D:1:      dpeg_arrival_solitude, layout_basic, serial_bayou_crossing
D:2:      layout_loops_ring, chequers_serial_rivers_marsh, uniq_sigmund

Skill      XL: |  1  2 |
---------------+-------+-----
Conjurations   | 5 |  5.3
Dodging        | |  1.7
Stealth        | |  1.7
Spellcasting   | |  2.0

Action                   || total
-------------------------++-------
Melee: Unarmed           ||    47
       Tailslap          ||    12
       Dagger            ||   105
 Cast: Magic Dart        ||    10
  Use: Scroll            ||     1
 Stab: Sleeping          ||     5
  Eat: Chunk             ||     4
Armor: Skin              ||    43
Dodge: Dodged            ||   135

Table legend:
 A = Non-vault XP
 B = Vault XP
 C = Vault XP percentage of total XP
 D = Non-vault monster count
 E = Vault monster count
 F = Vault count percentage of total count
                 A         B        C        D         E       F
            +---------+---------+-------+---------+---------+-------
      Total |      69 |       0 |   0.0 |      28 |       0 |   0.0
            +---------+---------+-------+---------+---------+-------
        D:1 |      36 |       0 |   0.0 |      17 |       0 |   0.0
        D:2 |      33 |       0 |   0.0 |      11 |       0 |   0.0
            +---------+---------+-------+---------+---------+-------
